AoeStats
← Based Assad

Arena

508768464Analyzed
1v1 RM · 8d ago on Sep 24, 2026· 35m 44s· 2 players
Game mode
Random Map
Map size
Tiny (2 player)
Population
200
Speed
Normal
Resources
Standard
Victory
Conquest
Starting age
Dark Age
Ending age
Imperial Age
RankedLock teamsTeams togetherTeam positionsShared explorationLock speedFull tech treeHidden civsTurbo modeCheats
Victory
Defeat
🇺🇸 Persians · United States
1120
+16
🇨🇷 Italians · Costa Rica
1114
-16
Based Assad
10:12 Feudal Age
16:23 Castle Age
14:46 Double-Bit Axe
16:16 Horse Collar
19:43 Bow Saw
20:14 Wheelbarrow
20:30 Fervor
23:27 Hand Cart
23:27 Loom
23:28 Town Watch
25:14 Loom
28:04 Imperial Age
25:21 Town Watch
26:56 Stone Mining
26:59 Fletching
28:04 Ballistics
27:57 Gold Mining
30:01 Chemistry
29:03 Padded Archer Armor
30:28 Bodkin Arrow
31:21 Sanctity
31:20 Masonry
30:50 Treadmill Crane
32:56 Conscription
32:54 Bracer
33:12 Leather Archer Armor
33:45 Architecture
tg28101
4:43 Loom
11:26 Feudal Age
11:57 Horse Collar
12:03 Double-Bit Axe
13:02 Wheelbarrow
16:43 Castle Age
15:39 Fletching
15:51 Padded Archer Armor
16:18 Stone Mining
24:23 Gold Mining
25:11 Bodkin Arrow
25:32 Leather Archer Armor
24:50 Elite Skirmisher
26:38 Town Watch
27:29 Ballistics
27:46 Murder Holes
28:06 Forging
28:03 Scale Barding Armor
27:20 Light Cavalry
28:33 Bow Saw
31:38 Imperial Age
30:11 Bloodlines
30:02 Husbandry
30:42 Thumb Ring
32:50 Ring Archer Armor
33:23 Chemistry
32:34 Masonry
33:01 Hand Cart
33:21 Chain Barding Armor
34:33 Iron Casting
35:20 Conscription
Connection lost

Rejoining the realm…

Still unreachable

The connection could not be restored.

Session expired

The server has moved on; the page needs a fresh start.